 Dungeon Crawl Stone Soup version 0.18-a0-1292-ge8ad84c (webtiles) character file.

14712 Ijustatesigmund the Basher (level 11, -5/74 HPs)
             Began as a Demonspawn Fighter on Feb 9, 2016.
             Was a High Priest of Okawaru.
             Slain by a large abomination (25 damage)
             ... on level 1 of the Abyss.
             The game lasted 00:48:10 (10898 turns).

Ijustatesigmund the Basher (Demonspawn Fighter)    Turns: 10898, Time: 00:48:10

Health: -5/74      AC: 25    Str: 20    XL:     11   Next: 92%
Magic:  23/24      EV: 15    Int:  6    God:    Okawaru [*****.]
Gold:   593        SH:  8    Dex: 15    Spells: 0 memorised, 10 levels left

rFire  . . .     SeeInvis +     t - +6 flail (protect)
rCold  . . .     Gourm    .     H - +1 scale mail of the Rose {rElec MR+++ Str-2 Int-3}
rNeg   + . .     Faith    .     i - +2 buckler
rPois  .         Spirit   .     L - +0 mask of the Dragon {MR+ Slay+3 SInv}
rElec  +         Dismiss  .     w - +0 cloak
rCorr  .         Reflect  .     (no gloves)
SustAt .         Harm     .     Q - -1 pair of boots of Leaves {*Contam MP+9 Str+5 Int+3}
MR     ++++.                    (no amulet)
Stlth  ++........               p - ring of positive energy
                                e - +4 ring of protection

@: heroism, incredibly resistant to hostile enchantments, unstealthy
A: hooves 2, iridescent scales 3, deformed body, dopey 2, frail 2, sense
surroundings 1, screaming 2, spiny 2, no device heal 3
a: Heroism, Finesse, Renounce Religion


You were on level 1 of the Abyss.
You worshipped Okawaru.
Okawaru was extremely pleased with you.
You were not hungry.

You visited 2 branches of the dungeon, and saw 12 of its levels.
You visited the Abyss 1 time.
You also visited: Sewer.

You collected 961 gold pieces.
You spent 368 gold pieces at shops.

Inventory:

Hand Weapons
 a - a +5 flail of flaming
 t - a +6 flail of protection (weapon)
 x - the +7 arbalest "Pucotz" {flame, rF+}
   (You found it in a sewer)

   It causes projectiles fired from it to burn those they strike, causing extra
   injury to most foes and up to half again as much damage against particularly
   susceptible opponents.
   It protects you from fire.
Missiles
 c - 18 bolts
 I - 4 poisoned javelins (quivered)
Armour
 i - a +2 buckler (worn)
 w - a +0 cloak (worn)
 H - the +1 scale mail of the Rose (worn) {rElec MR+++ Str-2 Int-3}
   (You bought it in a shop on level 6 of the Dungeon)

   It affects your strength (-2).
   It affects your intelligence (-3).
   It insulates you from electricity.
   It affects your resistance to hostile enchantments.
 L - the +0 mask of the Dragon (worn) {MR+ Slay+3 SInv}
   (You found it on level 9 of the Dungeon)

   It affects your accuracy and damage with ranged weapons and melee attacks
   (+3).
   It affects your resistance to hostile enchantments.
   It lets you see invisible.
 M - a quicksilver dragon hide
 Q - the -1 pair of boots of Leaves (worn) {*Contam MP+9 Str+5 Int+3}
   (You acquired it on level 8 of the Dungeon)

   It affects your strength (+5).
   It affects your intelligence (+3).
   It affects your magic capacity (+9).
   It causes magical contamination when unequipped.
Jewellery
 e - a +4 ring of protection (left hand)
 h - an uncursed ring of ice
 p - a ring of positive energy (right hand)
 v - an uncursed ring of flight
 y - an uncursed ring of resist corrosion
Wands
 m - a wand of digging (8/24)
 r - a wand of digging (14/24)
 u - a wand of flame (30/48)
 D - a wand of acid (9/15)
 E - a wand of enslavement (11/24)
 P - a wand of teleportation (4/9)
 R - a wand of lightning (11/15)
Scrolls
 g - 3 scrolls of identify
 k - 8 scrolls of remove curse
 o - 2 scrolls of teleportation
 z - 3 scrolls of amnesia
 G - a scroll of magic mapping
Potions
 b - a potion of haste
 d - a potion of heal wounds
 j - a potion of mutation
 n - 3 potions of cancellation
 s - 2 potions of flight
 A - a potion of cure mutation {unknown}
 B - 2 potions of invisibility
 C - 2 potions of brilliance
 O - 2 potions of agility
Books
 F - an Akashic Record

   Spells                             Type                      Level
   a - Dispersal                      Translocation                6
   b - Malign Gateway                 Summoning/Translocation      7
   c - Disjunction                    Translocation                8
   d - Controlled Blink               Translocation                8
Comestibles
 f - 7 bread rations
 l - 4 meat rations
 K - a royal jelly
 N - 6 slices of pizza


   Skills:
 + Level 11.1(16.1) Fighting
 + Level 11.6(16.6) Maces & Flails
 + Level 5.6(10.6) Crossbows
 - Level 4.0(9.0) Armour
 - Level 4.6(9.6) Dodging
 - Level 3.0(8.0) Shields
 - Level 6.3 Invocations


You had 10 spell levels left.
You didn't know any spells.

Dungeon Overview and Level Annotations

Branches:
Dungeon (11/15)            Temple (1/1) D:5             Orc (0/2) D:10
   Lair: D:8-11

Altars:
Ashenzari
Cheibriados
Dithmenos
Elyvilon
Fedhas
Gozag
Kikubaaqudgha
Makhleb
Nemelex Xobeh
Okawaru
Pakellas
Qazlal
Ru
Sif Muna
Trog
Vehumet
Xom
Yredelemnul
Zin
The Shining One

Shops:
D:5 *   D:6 [   D:9 [**!

Portals:
Trove: D:10 (give +2 storm dragon armour)

Annotations:
D:11 Sonja


Innate Abilities, Weirdness & Mutations

You have hoof-like feet.
You are completely covered in iridescent scales (AC +8).
You are mostly covered in sharp spines.
You passively map a small area around you.
[Armour fits poorly on your strangely shaped body.]
[You are very dopey. (Int -4)]
[You are very frail (-20% HP).]
[You sometimes yell uncontrollably at your foes.]
[Potions and wands cannot restore your health.]


Message History

The large abomination hits you but does no damage.
The shadow slips into darkness.
The shadow flickers and vanishes for a moment.
You feel yourself growing ill in the presence of the ancient zyme.
An ancient zyme comes into view.
You yell at the ancient zyme!
You hit the wretched star but do no damage.
The wretched star is severely damaged.
You hear a roar!
The large abomination hits you!!
You sock the wretched star!
The wretched star is almost destroyed.
You block the small abomination's attack.
The large abomination hits you!
* * * LOW HITPOINT WARNING * * *
You sock the wretched star!
The wretched star is almost destroyed.
The large abomination is struck by your spines.
The large abomination hits you!!
You die...

#. ### #.##..
# .... ##.#.#
#...###x....#
##.*@#
##.#..X5..# #
.#..#W5≈≈#
#.#
###.≈♣≈x≈♣
##...# ##≈
≈≈≈ ####
#.#.. #. # ..


You could see a wretched star, an ancient zyme, a large abomination, a small
abomination, a shadow (invisible), an iron imp and a quasit.

Vanquished Creatures
  A green death (Abyss:1)
  The ghost of Duffy the Gusty, a novice HEAE of Vehumet (D:7)
  An unseen horror (D:8)
  A worldbinder (Abyss:1)
  A fire drake (D:11)
  An ancient zyme (Abyss:1)
  2 guardian mummies (D:10)
  A troll (D:11)
  Grinder (D:4)
  4 raiju (Abyss:1)
  3 flying skulls (Abyss:1)
  Sigmund (D:2)
  A water elemental (D:11)
  10 yaks
  A human (D:7)
  3 steam dragons (D:11)
  A wyvern (D:9)
  2 hungry ghosts (D:10)
  2 hippogriffs
  2 large abominations (Abyss:1)
  A warg (D:10)
  The ghost of Gagarin the Magician, an amateur DEEE (D:4)
  Duvessa (D:4)
  A water moccasin (D:10)
  5 orc warriors
  A wasp (D:7)
  3 ice beasts
  A black bear (D:9)
  A necrophage (D:11)
  5 ogres
  2 sky beasts
  3 phantoms
  5 centaurs
  A crocodile (Sewer)
  2 big kobolds
  5 giant frogs
  A wyvern zombie (D:7)
  A gnoll sergeant (D:4)
  Dowan (D:4)
  A water moccasin zombie (D:6)
  5 scorpions
  2 small abominations (Abyss:1)
  16 killer bees
  3 wights (D:8)
  10 crimson imps
  5 hounds
  2 quasits
  2 jellies
  4 gnoll shamans (D:4)
  2 giant frog skeletons
  4 orc priests
  Crazy Yiuf (D:4)
  A centaur skeleton (D:8)
  7 orc wizards
  7 iguanas
  8 worker ants
  3 sheep (D:7)
  A hound skeleton (D:5)
  3 worker ant zombies
  32 gnolls
  12 adders
  A shadow imp (D:8)
  An ufetubus (Abyss:1)
  An adder zombie (D:5)
  3 adder skeletons
  4 worms
  2 giant geckos (D:5)
  24 orcs
  6 bats
  3 giant cockroaches
  3 goblins (D:2)
  6 hobgoblins
  35 jackals
  5 quokkas
  2 ball pythons (D:2)
  2 giant gecko skeletons
  A giant gecko zombie (D:8)
  2 giant newts
  18 kobolds
  8 rats
  A fungus (D:10)
340 creatures vanquished.

Vanquished Creatures (others)
  3 starspawn tentacles (Abyss:1)
  93 starspawn tentacle segments (Abyss:1)
96 creatures vanquished.

Grand Total: 436 creatures vanquished

Notes
Turn   | Place    | Note
--------------------------------------------------------------
     0 | D:1      | Ijustatesigmund the Demonspawn Fighter began the quest for the Orb.
     0 | D:1      | Reached XP level 1. HP: 18/18 MP: 1/1
   450 | D:1      | Gained mutation: You are partially covered in iridescent scales (AC +4). [demonic ancestry]
   450 | D:1      | Reached XP level 2. HP: 17/24 MP: 2/2
   977 | D:2      | Noticed Sigmund
   983 | D:2      | Killed Sigmund
   983 | D:2      | Reached skill level 4 in Fighting
   983 | D:2      | Gained mutation: You are partially covered in sharp spines. [demonic ancestry]
   983 | D:2      | Reached XP level 3. HP: 22/30 MP: 3/3
   983 | D:2      | Gained mutation: You are mostly covered in iridescent scales (AC +6). [demonic ancestry]
   983 | D:2      | Reached XP level 4. HP: 27/37 MP: 4/4
   983 | D:2      | Reached XP level 5. HP: 30/42 MP: 5/5
  1475 | D:2      | Found an oddly glowing altar of Pakellas.
  1667 | D:3      | Gained mutation: You have large cloven feet. [demonic ancestry]
  1667 | D:3      | Reached XP level 6. HP: 47/49 MP: 6/6
  1750 | D:3      | Found a blossoming altar of Fedhas.
  2230 | D:3      | Found a basalt altar of Yredelemnul.
  2294 | D:4      | Noticed Grinder
  2305 | D:4      | Killed Grinder
  2305 | D:4      | Reached skill level 5 in Fighting
  2305 | D:4      | Reached skill level 5 in Maces & Flails
  2305 | D:4      | Reached skill level 1 in Dodging
  2309 | D:4      | Found a shattered altar of Ashenzari.
  2341 | D:4      | Gained mutation: You are completely covered in iridescent scales (AC +8). [demonic ancestry]
  2341 | D:4      | Reached XP level 7. HP: 48/56 MP: 7/7
  2344 | D:4      | Noticed Gagarin's ghost (amateur DEEE)
  2351 | D:4      | Killed Gagarin's ghost
  2493 | D:4      | Reached skill level 6 in Maces & Flails
  2764 | D:4      | Gained mutation: You are mostly covered in sharp spines. [demonic ancestry]
  2764 | D:4      | Reached XP level 8. HP: 44/64 MP: 8/8
  3361 | D:4      | Noticed Duvessa
  3369 | D:4      | Killed Duvessa
  3369 | D:4      | Reached skill level 7 in Maces & Flails
  3370 | D:4      | Noticed Dowan
  3381 | D:4      | Killed Dowan
  3489 | D:4      | Noticed Crazy Yiuf
  3498 | D:4      | Killed Crazy Yiuf
  3605 | D:5      | Entered Level 5 of the Dungeon
  3670 | D:5      | Found Covun's General Store.
  3816 | D:5      | Found a staircase to the Ecumenical Temple.
  3824 | D:5      | Reached skill level 8 in Maces & Flails
  3828 | D:5      | Gained mutation: You have hoof-like feet. [demonic ancestry]
  3828 | D:5      | Reached XP level 9. HP: 66/71 MP: 9/9
  3934 | D:5      | Found a glowing drain.
  3948 | Sewer    | Entered a sewer
  4017 | Sewer    | Got a bloodstained arbalest
  4027 | Sewer    | Identified the +7 arbalest "Pucotz" {flame, rF+} (You found it in a sewer)
  4120 | Temple   | Entered the Ecumenical Temple
  4452 | D:5      | Bought a scroll of identify for 30 gold pieces
  4609 | D:6      | Got a crude dagger
  4610 | D:6      | Identified the +11 dagger of Cuedwe {freeze, Fragile rC+ Dex+6} (You found it on level 6 of the Dungeon)
  4621 | D:6      | Reached skill level 1 in Crossbows
  4822 | D:6      | Found Wesy's Antique Armour Shoppe.
  4830 | D:6      | Bought a brightly glowing scale mail for 198 gold pieces
  4840 | D:6      | Identified the +1 scale mail of the Rose {rElec MR+++ Str-2 Int-3} (You bought it in a shop on level 6 of the Dungeon)
  5004 | D:6      | Found a shadowy altar of Dithmenos.
  5069 | D:6      | Found an oddly glowing altar of Pakellas.
  5298 | D:7      | Gained mutation: You passively map a small area around you. [potion of beneficial mutation]
  5343 | D:7      | Found an iron altar of Okawaru.
  5348 | D:7      | Became a worshipper of Warmaster Okawaru
  5395 | D:7      | Reached skill level 1 in Invocations
  5429 | D:7      | Found an ancient bone altar of Kikubaaqudgha.
  5435 | D:7      | Found a sparkling altar of Nemelex Xobeh.
  5437 | D:7      | Found a stormy altar of Qazlal.
  5441 | D:7      | Found an opulent altar of Gozag.
  5516 | D:7      | Noticed Duffy's ghost (novice HEAE)
  5545 | D:7      | Killed Duffy's ghost
  5545 | D:7      | Reached * piety under Okawaru
  5545 | D:7      | Reached skill level 9 in Maces & Flails
  5679 | D:7      | Reached XP level 10. HP: 72/80 MP: 12/12
  6104 | D:8      | Killed an unseen horror
  6104 | D:8      | Reached ** piety under Okawaru
  6104 | D:8      | Reached skill level 5 in Invocations
  6159 | D:8      | Found a shattered altar of Ashenzari.
  6520 | D:8      | Found a radiant altar of Vehumet.
  6521 | D:8      | Found a burning altar of Makhleb.
  6708 | D:8      | Identified a scroll of acquirement
  6711 | D:8      | Got a pair of dazzling boots
  6723 | D:8      | Identified the -1 pair of boots of Leaves {*Contam MP+9 Str+5 Int+3} (You acquired it on level 8 of the Dungeon)
  7175 | D:9      | Found Ziqoibrao's Assorted Antiques.
  7190 | D:9      | Bought a scroll labeled SIS HYFANNARO for 20 gold pieces
  7190 | D:9      | Bought a scroll labeled GISAAZX XAOWUT for 20 gold pieces
  7190 | D:9      | Bought a brass ring for 100 gold pieces
  7214 | D:9      | Found Ytae's General Store.
  7240 | D:9      | Found a deep blue altar of Sif Muna.
  7310 | D:9      | Found Eloruob's Distillery.
  7327 | D:9      | Reached skill level 10 in Maces & Flails
  7330 | D:9      | Reached *** piety under Okawaru
  7853 | D:9      | Found Dufat's Armour Emporium.
  7865 | D:9      | Reached **** piety under Okawaru
  8058 | D:10     | Entered Level 10 of the Dungeon
  8108 | D:10     | Reached XP level 11. HP: 90/90 MP: 15/15
  8233 | D:10     | Found a portal to a secret trove of treasure.
  8241 | D:10     | Reached skill level 10 in Fighting
  8245 | D:10     | Noticed a soul eater
  8612 | D:10     | Found a staircase to the Orcish Mines.
  8849 | D:10     | Found a glowing golden altar of the Shining One.
  9448 | D:11     | Reached skill level 11 in Maces & Flails
  9765 | D:11     | Noticed Sonja
  9772 | D:11     | Cast into level 1 of the Abyss (Sonja)
  9936 | Abyss:1  | Noticed a green death
  9945 | Abyss:1  | Killed a green death
  9945 | Abyss:1  | Reached ***** piety under Okawaru
 10140 | Abyss:1  | Reached skill level 5 in Crossbows
 10166 | Abyss:1  | Noticed a green very ugly thing
 10170 | Abyss:1  | Noticed a mottled draconian zealot
 10179 | Abyss:1  | Received a gift from Okawaru
 10185 | Abyss:1  | Noticed a rakshasa
 10203 | Abyss:1  | Noticed a shadow demon
 10208 | Abyss:1  | Noticed a shadow demon
 10211 | Abyss:1  | Noticed a soul eater
 10216 | Abyss:1  | Noticed a thrashing horror
 10223 | Abyss:1  | Noticed a naga warrior
 10226 | Abyss:1  | Noticed a naga warrior
 10227 | Abyss:1  | Noticed a wretched star
 10881 | Abyss:1  | Noticed a wretched star
 10882 | Abyss:1  | Noticed a tentacled starspawn
 10883 | Abyss:1  | Noticed a large abomination
 10898 | Abyss:1  | Slain by a large abomination

Vault maps used:
D:1:      evilmike_arrival_hilbert_curve
D:2:      st_stairs_6, minmay_hedge_maze, johnstein_pakellas_dig, uniq_sigmund
D:3:      fedhas_altar_fruit_tree, lemuel_coloured_pillars_altar
D:4:      lemuel_castle_with_subvaults, first_bread, ashenzari_altar_1,
          uniq_grinder, uniq_crazy_yiuf_cottage, uniq_duvessa
D:5:      minmay_temple_entry_trees, serial_shops, nicolae_shop_waterfront,
          gup_sewer_entry_bubbles
D:6:      marbit_many_paths, grunt_dithmenos_smoke, serial_shops,
          nicolae_shop_crystal
D:7:      kennysheep_little_box, minitemple, grunt_livestock
D:8:      grunt_temple_overflow_lords_of_destruction, overflow_temple_1_default,
          hangedman_abyss_or_decor_lesser_grid
D:9:      old_standard_altar, serial_shops, nicolae_shop_statue_plus,
          shop_coins, shop, shop, kennysheep_small_square
D:10:     david_orc_1_choice, nicolae_trove_entry_path_of_doom,
          minmay_gold_behind_fungi, tso_altar
D:11:     minmay_lair_entry_lava, uniq_sonja
Temple:   temple_island_7
Sewer:    sewer_the_crocodile

Action                   |  1- 3 |  4- 6 |  7- 9 | 10-12 || total
-------------------------+-------+-------+-------+-------++-------
Melee: Flail             |    69 |    57 |   325 |   475 ||   926
Invok: Heroism           |       |       |       |     4 ||     4
       Finesse           |       |       |       |     1 ||     1
Evoke: Wand              |       |       |       |     1 ||     1
  Use: Scroll            |     9 |     3 |    15 |    16 ||    43
       Potion            |       |     1 |     1 |     5 ||     7
  Eat: Chunk             |       |     4 |     7 |     6 ||    17
       Fruit             |       |       |     3 |     5 ||     8
       Pizza             |       |       |     2 |     4 ||     6
       Beef jerky        |       |       |       |     2 ||     2
       Bread ration      |       |       |       |     1 ||     1
